Map: Ulrena

Players

Legho

  • Race: Zerg Zerg
  • League: Diamond

Sweter - Winner!

  • Race: Terran Terran

VOD

Have the link to the VOD?

Description

Time

  • Played on: Jan. 19, 2016, 12:13 p.m.
  • Length: 3:44
Show
View Real Time Build Order
Export as new Build Order

Legho Zerg 

Build Orders: Hatch First 

Get SALT Encoding   

  12  0:08  Drone  
  13  0:19  Drone  
  14  0:22  Overlord  
  14  0:26  Extractor  
  14  0:27  Drone  
  15  0:43  Drone x2  
  17  0:57  Hatchery  
  16  1:09  Drone  
  16  1:10  Drone  
  18  1:20  Spawning Pool  
  17  1:27  Drone x2  
  17  1:31  Extractor  
  19  1:43  Drone, Extractor  
  19  1:46  Drone  
  20  1:56  Overlord  
  20  2:22  Roach Warren  
  19  2:34  Zergling x6  
  22  2:56  Overlord x2  
  22  3:04  Queen  
  22  3:05  Queen  
  25  3:10  Roach  
  26  3:14  Roach x3  
Show
View Real Time Build Order
Export as new Build Order

Sweter Terran - Winner!

Build Orders:  

Get SALT Encoding   

  12  0:01  SCV  
  13  0:13  SCV  
  14  0:17  Supply Depot  
  14  0:25  SCV  
  15  0:36  Refinery  
  15  0:39  SCV  
  16  0:45  Barracks  
  16  0:51  SCV  
  17  1:03  SCV  
  18  1:12  Barracks  
  18  1:15  SCV  
  19  1:27  SCV  
  19  1:32  Reaper  
  21  1:40  Orbital Command  
  21  1:43  Supply Depot  
  21  1:53  Barracks  
  21  2:01  Reaper  
  22  2:04  Reaper  
  22  2:06  SCV  
  24  2:15  Supply Depot  
  24  2:18  SCV  
  25  2:30  SCV  
  25  2:33  Reaper  
  25  2:36  Reaper  
  28  2:38  Supply Depot  
  28  2:42  SCV  
  29  2:53  Refinery, Bunker  
  29  2:54  SCV  
  30  3:03  Bunker  
  30  3:05  Reaper  
  31  3:07  SCV  
  31  3:10  Supply Depot  
Tags
 
League
Diamond
Matchup
TvZ
Add a new tag
Caveats
  • Supply blocks, unpowered buildings, or Contaminate may cause inaccurate times.
  • Supply counts are checked every 10 seconds.